%YAML 1.1
%TAG !u! tag:unity3d.com,2011:
--- !u!1 &189138100931691745
GameObject:
  m_ObjectHideFlags: 0
  m_CorrespondingSourceObject: {fileID: 0}
  m_PrefabInstance: {fileID: 0}
  m_PrefabAsset: {fileID: 0}
  serializedVersion: 6
  m_Component:
  - component: {fileID: 1593719082518334449}
  m_Layer: 0
  m_Name: Bone.004
  m_TagString: Untagged
  m_Icon: {fileID: 0}
  m_NavMeshLayer: 0
  m_StaticEditorFlags: 0
  m_IsActive: 1
--- !u!4 &1593719082518334449
Transform:
  m_ObjectHideFlags: 0
  m_CorrespondingSourceObject: {fileID: 0}
  m_PrefabInstance: {fileID: 0}
  m_PrefabAsset: {fileID: 0}
  m_GameObject: {fileID: 189138100931691745}
  serializedVersion: 2
  m_LocalRotation: {x: -1.6253471e-10, y: -1.4876026e-11, z: -0.17203806, w: 0.9850903}
  m_LocalPosition: {x: -3.191336e-14, y: 0.0043993737, z: -3.2220337e-14}
  m_LocalScale: {x: 1, y: 1, z: 1}
  m_ConstrainProportionsScale: 0
  m_Children:
  - {fileID: 2383595574376327067}
  m_Father: {fileID: 3233499646925634550}
  m_LocalEulerAnglesHint: {x: 0, y: 0, z: 0}
--- !u!1 &411225441733791343
GameObject:
  m_ObjectHideFlags: 0
  m_CorrespondingSourceObject: {fileID: 0}
  m_PrefabInstance: {fileID: 0}
  m_PrefabAsset: {fileID: 0}
  serializedVersion: 6
  m_Component:
  - component: {fileID: 1406460263648739871}
  m_Layer: 0
  m_Name: Bone.008_end
  m_TagString: Untagged
  m_Icon: {fileID: 0}
  m_NavMeshLayer: 0
  m_StaticEditorFlags: 0
  m_IsActive: 1
--- !u!4 &1406460263648739871
Transform:
  m_ObjectHideFlags: 0
  m_CorrespondingSourceObject: {fileID: 0}
  m_PrefabInstance: {fileID: 0}
  m_PrefabAsset: {fileID: 0}
  m_GameObject: {fileID: 411225441733791343}
  serializedVersion: 2
  m_LocalRotation: {x: 0, y: -0, z: -0, w: 1}
  m_LocalPosition: {x: -0, y: 0.0025003648, z: 0}
  m_LocalScale: {x: 1, y: 1, z: 1}
  m_ConstrainProportionsScale: 0
  m_Children: []
  m_Father: {fileID: 2476703403710400201}
  m_LocalEulerAnglesHint: {x: 0, y: 0, z: 0}
--- !u!1 &2063296383980180487
GameObject:
  m_ObjectHideFlags: 0
  m_CorrespondingSourceObject: {fileID: 0}
  m_PrefabInstance: {fileID: 0}
  m_PrefabAsset: {fileID: 0}
  serializedVersion: 6
  m_Component:
  - component: {fileID: 3233499646925634550}
  m_Layer: 0
  m_Name: Bone.003
  m_TagString: Untagged
  m_Icon: {fileID: 0}
  m_NavMeshLayer: 0
  m_StaticEditorFlags: 0
  m_IsActive: 1
--- !u!4 &3233499646925634550
Transform:
  m_ObjectHideFlags: 0
  m_CorrespondingSourceObject: {fileID: 0}
  m_PrefabInstance: {fileID: 0}
  m_PrefabAsset: {fileID: 0}
  m_GameObject: {fileID: 2063296383980180487}
  serializedVersion: 2
  m_LocalRotation: {x: 3.67375e-10, y: 5.2739518e-11, z: -0.12777998, w: 0.9918026}
  m_LocalPosition: {x: 8.940381e-10, y: 0.004715878, z: 6.508816e-12}
  m_LocalScale: {x: 1, y: 1, z: 1}
  m_ConstrainProportionsScale: 0
  m_Children:
  - {fileID: 1593719082518334449}
  m_Father: {fileID: 7191628929074670024}
  m_LocalEulerAnglesHint: {x: 0, y: 0, z: 0}
--- !u!1 &3784802682977679873
GameObject:
  m_ObjectHideFlags: 0
  m_CorrespondingSourceObject: {fileID: 0}
  m_PrefabInstance: {fileID: 0}
  m_PrefabAsset: {fileID: 0}
  serializedVersion: 6
  m_Component:
  - component: {fileID: 2383595574376327067}
  m_Layer: 0
  m_Name: Bone.005
  m_TagString: Untagged
  m_Icon: {fileID: 0}
  m_NavMeshLayer: 0
  m_StaticEditorFlags: 0
  m_IsActive: 1
--- !u!4 &2383595574376327067
Transform:
  m_ObjectHideFlags: 0
  m_CorrespondingSourceObject: {fileID: 0}
  m_PrefabInstance: {fileID: 0}
  m_PrefabAsset: {fileID: 0}
  m_GameObject: {fileID: 3784802682977679873}
  serializedVersion: 2
  m_LocalRotation: {x: -1.9852864e-10, y: -1.5265723e-11, z: -0.20718385, w: 0.97830206}
  m_LocalPosition: {x: 0.0000000011920572, y: 0.004051223, z: 1.3956536e-12}
  m_LocalScale: {x: 1, y: 1, z: 1}
  m_ConstrainProportionsScale: 0
  m_Children:
  - {fileID: 2937358085862618401}
  m_Father: {fileID: 1593719082518334449}
  m_LocalEulerAnglesHint: {x: 0, y: 0, z: 0}
--- !u!1 &3882878976667691381
GameObject:
  m_ObjectHideFlags: 0
  m_CorrespondingSourceObject: {fileID: 0}
  m_PrefabInstance: {fileID: 0}
  m_PrefabAsset: {fileID: 0}
  serializedVersion: 6
  m_Component:
  - component: {fileID: 7194456621810962197}
  m_Layer: 0
  m_Name: Bone
  m_TagString: Untagged
  m_Icon: {fileID: 0}
  m_NavMeshLayer: 0
  m_StaticEditorFlags: 0
  m_IsActive: 1
--- !u!4 &7194456621810962197
Transform:
  m_ObjectHideFlags: 0
  m_CorrespondingSourceObject: {fileID: 0}
  m_PrefabInstance: {fileID: 0}
  m_PrefabAsset: {fileID: 0}
  m_GameObject: {fileID: 3882878976667691381}
  serializedVersion: 2
  m_LocalRotation: {x: -0.00012286598, y: 0.000015165028, z: -0.12249781, w: 0.9924688}
  m_LocalPosition: {x: -0, y: 0, z: 0}
  m_LocalScale: {x: 1, y: 1, z: 0.99999994}
  m_ConstrainProportionsScale: 0
  m_Children:
  - {fileID: 4545049689943487756}
  m_Father: {fileID: 2905583272585252588}
  m_LocalEulerAnglesHint: {x: 0, y: 0, z: 0}
--- !u!1 &4006804400558182780
GameObject:
  m_ObjectHideFlags: 0
  m_CorrespondingSourceObject: {fileID: 0}
  m_PrefabInstance: {fileID: 0}
  m_PrefabAsset: {fileID: 0}
  serializedVersion: 6
  m_Component:
  - component: {fileID: 8428700925225776301}
  - component: {fileID: 3859990991106140971}
  m_Layer: 0
  m_Name: Pez_Platy_Animado
  m_TagString: Untagged
  m_Icon: {fileID: 0}
  m_NavMeshLayer: 0
  m_StaticEditorFlags: 0
  m_IsActive: 1
--- !u!4 &8428700925225776301
Transform:
  m_ObjectHideFlags: 0
  m_CorrespondingSourceObject: {fileID: 0}
  m_PrefabInstance: {fileID: 0}
  m_PrefabAsset: {fileID: 0}
  m_GameObject: {fileID: 4006804400558182780}
  serializedVersion: 2
  m_LocalRotation: {x: -0, y: -1, z: -0, w: 0.00000058114523}
  m_LocalPosition: {x: 0, y: 0, z: 0}
  m_LocalScale: {x: 2.5917795, y: 2.5917795, z: 2.5917795}
  m_ConstrainProportionsScale: 0
  m_Children:
  - {fileID: 2905583272585252588}
  - {fileID: 9008058149631010507}
  m_Father: {fileID: 3702685378353141258}
  m_LocalEulerAnglesHint: {x: 0, y: -180, z: 0}
--- !u!95 &3859990991106140971
Animator:
  serializedVersion: 5
  m_ObjectHideFlags: 0
  m_CorrespondingSourceObject: {fileID: 0}
  m_PrefabInstance: {fileID: 0}
  m_PrefabAsset: {fileID: 0}
  m_GameObject: {fileID: 4006804400558182780}
  m_Enabled: 1
  m_Avatar: {fileID: 0}
  m_Controller: {fileID: 9100000, guid: aeb03a0a0b90c7247b3d88e70f3038d4, type: 2}
  m_CullingMode: 0
  m_UpdateMode: 0
  m_ApplyRootMotion: 0
  m_LinearVelocityBlending: 0
  m_StabilizeFeet: 0
  m_WarningMessage: 
  m_HasTransformHierarchy: 1
  m_AllowConstantClipSamplingOptimization: 1
  m_KeepAnimatorStateOnDisable: 0
  m_WriteDefaultValuesOnDisable: 0
--- !u!1 &4828995972019675799
GameObject:
  m_ObjectHideFlags: 0
  m_CorrespondingSourceObject: {fileID: 0}
  m_PrefabInstance: {fileID: 0}
  m_PrefabAsset: {fileID: 0}
  serializedVersion: 6
  m_Component:
  - component: {fileID: 8545584034237912629}
  m_Layer: 0
  m_Name: Bone.010
  m_TagString: Untagged
  m_Icon: {fileID: 0}
  m_NavMeshLayer: 0
  m_StaticEditorFlags: 0
  m_IsActive: 1
--- !u!4 &8545584034237912629
Transform:
  m_ObjectHideFlags: 0
  m_CorrespondingSourceObject: {fileID: 0}
  m_PrefabInstance: {fileID: 0}
  m_PrefabAsset: {fileID: 0}
  m_GameObject: {fileID: 4828995972019675799}
  serializedVersion: 2
  m_LocalRotation: {x: 0, y: -0, z: -0.030036246, w: 0.99954885}
  m_LocalPosition: {x: -0, y: 0.0054438314, z: 0}
  m_LocalScale: {x: 1.0000001, y: 1.0000001, z: 1}
  m_ConstrainProportionsScale: 0
  m_Children:
  - {fileID: 3422512660776300357}
  m_Father: {fileID: 132078201151089395}
  m_LocalEulerAnglesHint: {x: 0, y: 0, z: 0}
--- !u!1 &5542601327756650852
GameObject:
  m_ObjectHideFlags: 0
  m_CorrespondingSourceObject: {fileID: 0}
  m_PrefabInstance: {fileID: 0}
  m_PrefabAsset: {fileID: 0}
  serializedVersion: 6
  m_Component:
  - component: {fileID: 2937358085862618401}
  m_Layer: 0
  m_Name: Bone.006
  m_TagString: Untagged
  m_Icon: {fileID: 0}
  m_NavMeshLayer: 0
  m_StaticEditorFlags: 0
  m_IsActive: 1
--- !u!4 &2937358085862618401
Transform:
  m_ObjectHideFlags: 0
  m_CorrespondingSourceObject: {fileID: 0}
  m_PrefabInstance: {fileID: 0}
  m_PrefabAsset: {fileID: 0}
  m_GameObject: {fileID: 5542601327756650852}
  serializedVersion: 2
  m_LocalRotation: {x: -1.4857626e-10, y: -1.3657443e-11, z: -0.15862495, w: 0.98733896}
  m_LocalPosition: {x: 3.7248526e-10, y: 0.0034182216, z: 4.129722e-12}
  m_LocalScale: {x: 1, y: 1, z: 1}
  m_ConstrainProportionsScale: 0
  m_Children:
  - {fileID: 1640844817001628462}
  m_Father: {fileID: 2383595574376327067}
  m_LocalEulerAnglesHint: {x: 0, y: 0, z: 0}
--- !u!1 &5682835248228494561
GameObject:
  m_ObjectHideFlags: 0
  m_CorrespondingSourceObject: {fileID: 0}
  m_PrefabInstance: {fileID: 0}
  m_PrefabAsset: {fileID: 0}
  serializedVersion: 6
  m_Component:
  - component: {fileID: 2476703403710400201}
  m_Layer: 0
  m_Name: Bone.008
  m_TagString: Untagged
  m_Icon: {fileID: 0}
  m_NavMeshLayer: 0
  m_StaticEditorFlags: 0
  m_IsActive: 1
--- !u!4 &2476703403710400201
Transform:
  m_ObjectHideFlags: 0
  m_CorrespondingSourceObject: {fileID: 0}
  m_PrefabInstance: {fileID: 0}
  m_PrefabAsset: {fileID: 0}
  m_GameObject: {fileID: 5682835248228494561}
  serializedVersion: 2
  m_LocalRotation: {x: -3.1826863e-10, y: -3.5849813e-11, z: -0.32706186, w: 0.945003}
  m_LocalPosition: {x: -5.961208e-10, y: 0.002152211, z: -1.2192713e-12}
  m_LocalScale: {x: 0.99999994, y: 0.99999994, z: 1}
  m_ConstrainProportionsScale: 0
  m_Children:
  - {fileID: 1406460263648739871}
  m_Father: {fileID: 1640844817001628462}
  m_LocalEulerAnglesHint: {x: 0, y: 0, z: 0}
--- !u!1 &6034722361218852633
GameObject:
  m_ObjectHideFlags: 0
  m_CorrespondingSourceObject: {fileID: 0}
  m_PrefabInstance: {fileID: 0}
  m_PrefabAsset: {fileID: 0}
  serializedVersion: 6
  m_Component:
  - component: {fileID: 1640844817001628462}
  m_Layer: 0
  m_Name: Bone.007
  m_TagString: Untagged
  m_Icon: {fileID: 0}
  m_NavMeshLayer: 0
  m_StaticEditorFlags: 0
  m_IsActive: 1
--- !u!4 &1640844817001628462
Transform:
  m_ObjectHideFlags: 0
  m_CorrespondingSourceObject: {fileID: 0}
  m_PrefabInstance: {fileID: 0}
  m_PrefabAsset: {fileID: 0}
  m_GameObject: {fileID: 6034722361218852633}
  serializedVersion: 2
  m_LocalRotation: {x: -3.49574e-10, y: -3.0109987e-11, z: -0.3654578, w: 0.9308279}
  m_LocalPosition: {x: 0.0000000014900636, y: 0.0027852159, z: -3.6956993e-13}
  m_LocalScale: {x: 1.0000001, y: 1, z: 1}
  m_ConstrainProportionsScale: 0
  m_Children:
  - {fileID: 2476703403710400201}
  m_Father: {fileID: 2937358085862618401}
  m_LocalEulerAnglesHint: {x: 0, y: 0, z: 0}
--- !u!1 &6327652016015617880
GameObject:
  m_ObjectHideFlags: 0
  m_CorrespondingSourceObject: {fileID: 0}
  m_PrefabInstance: {fileID: 0}
  m_PrefabAsset: {fileID: 0}
  serializedVersion: 6
  m_Component:
  - component: {fileID: 132078201151089395}
  m_Layer: 0
  m_Name: Bone.009
  m_TagString: Untagged
  m_Icon: {fileID: 0}
  m_NavMeshLayer: 0
  m_StaticEditorFlags: 0
  m_IsActive: 1
--- !u!4 &132078201151089395
Transform:
  m_ObjectHideFlags: 0
  m_CorrespondingSourceObject: {fileID: 0}
  m_PrefabInstance: {fileID: 0}
  m_PrefabAsset: {fileID: 0}
  m_GameObject: {fileID: 6327652016015617880}
  serializedVersion: 2
  m_LocalRotation: {x: 0, y: 0, z: 0.9999875, w: 0.0050073876}
  m_LocalPosition: {x: -0, y: 0, z: 0}
  m_LocalScale: {x: 1, y: 1, z: 1}
  m_ConstrainProportionsScale: 0
  m_Children:
  - {fileID: 8545584034237912629}
  m_Father: {fileID: 2905583272585252588}
  m_LocalEulerAnglesHint: {x: 0, y: 0, z: 0}
--- !u!1 &6714907762357758042
GameObject:
  m_ObjectHideFlags: 0
  m_CorrespondingSourceObject: {fileID: 0}
  m_PrefabInstance: {fileID: 0}
  m_PrefabAsset: {fileID: 0}
  serializedVersion: 6
  m_Component:
  - component: {fileID: 4545049689943487756}
  m_Layer: 0
  m_Name: Bone.001
  m_TagString: Untagged
  m_Icon: {fileID: 0}
  m_NavMeshLayer: 0
  m_StaticEditorFlags: 0
  m_IsActive: 1
--- !u!4 &4545049689943487756
Transform:
  m_ObjectHideFlags: 0
  m_CorrespondingSourceObject: {fileID: 0}
  m_PrefabInstance: {fileID: 0}
  m_PrefabAsset: {fileID: 0}
  m_GameObject: {fileID: 6714907762357758042}
  serializedVersion: 2
  m_LocalRotation: {x: -0.006496556, y: 0.0001555956, z: -0.023064801, w: 0.9997129}
  m_LocalPosition: {x: 1.06053265e-17, y: 0.0058869338, z: 2.728484e-14}
  m_LocalScale: {x: 1, y: 1, z: 1}
  m_ConstrainProportionsScale: 0
  m_Children:
  - {fileID: 7191628929074670024}
  m_Father: {fileID: 7194456621810962197}
  m_LocalEulerAnglesHint: {x: 0, y: 0, z: 0}
--- !u!1 &7192494428553961867
GameObject:
  m_ObjectHideFlags: 0
  m_CorrespondingSourceObject: {fileID: 0}
  m_PrefabInstance: {fileID: 0}
  m_PrefabAsset: {fileID: 0}
  serializedVersion: 6
  m_Component:
  - component: {fileID: 7191628929074670024}
  m_Layer: 0
  m_Name: Bone.002
  m_TagString: Untagged
  m_Icon: {fileID: 0}
  m_NavMeshLayer: 0
  m_StaticEditorFlags: 0
  m_IsActive: 1
--- !u!4 &7191628929074670024
Transform:
  m_ObjectHideFlags: 0
  m_CorrespondingSourceObject: {fileID: 0}
  m_PrefabInstance: {fileID: 0}
  m_PrefabAsset: {fileID: 0}
  m_GameObject: {fileID: 7192494428553961867}
  serializedVersion: 2
  m_LocalRotation: {x: 0.006583066, y: 0.0007177544, z: -0.108385645, w: 0.99408686}
  m_LocalPosition: {x: 3.538724e-10, y: 0.0047795963, z: -6.984919e-12}
  m_LocalScale: {x: 0.99999994, y: 1.0000001, z: 1}
  m_ConstrainProportionsScale: 0
  m_Children:
  - {fileID: 3233499646925634550}
  m_Father: {fileID: 4545049689943487756}
  m_LocalEulerAnglesHint: {x: 0, y: 0, z: 0}
--- !u!1 &7383222166088835909
GameObject:
  m_ObjectHideFlags: 0
  m_CorrespondingSourceObject: {fileID: 0}
  m_PrefabInstance: {fileID: 0}
  m_PrefabAsset: {fileID: 0}
  serializedVersion: 6
  m_Component:
  - component: {fileID: 9008058149631010507}
  - component: {fileID: 6429429227767247480}
  m_Layer: 0
  m_Name: Cube
  m_TagString: Untagged
  m_Icon: {fileID: 0}
  m_NavMeshLayer: 0
  m_StaticEditorFlags: 0
  m_IsActive: 1
--- !u!4 &9008058149631010507
Transform:
  m_ObjectHideFlags: 0
  m_CorrespondingSourceObject: {fileID: 0}
  m_PrefabInstance: {fileID: 0}
  m_PrefabAsset: {fileID: 0}
  m_GameObject: {fileID: 7383222166088835909}
  serializedVersion: 2
  m_LocalRotation: {x: -0.7071069, y: 2.190799e-14, z: 2.1907992e-14, w: 0.7071067}
  m_LocalPosition: {x: 8.5265576e-14, y: 0.037316807, z: 1.1794473}
  m_LocalScale: {x: 91.73448, y: 91.73448, z: 91.73448}
  m_ConstrainProportionsScale: 0
  m_Children: []
  m_Father: {fileID: 8428700925225776301}
  m_LocalEulerAnglesHint: {x: 0, y: 0, z: 0}
--- !u!137 &6429429227767247480
SkinnedMeshRenderer:
  m_ObjectHideFlags: 0
  m_CorrespondingSourceObject: {fileID: 0}
  m_PrefabInstance: {fileID: 0}
  m_PrefabAsset: {fileID: 0}
  m_GameObject: {fileID: 7383222166088835909}
  m_Enabled: 1
  m_CastShadows: 1
  m_ReceiveShadows: 1
  m_DynamicOccludee: 1
  m_StaticShadowCaster: 0
  m_MotionVectors: 1
  m_LightProbeUsage: 1
  m_ReflectionProbeUsage: 1
  m_RayTracingMode: 3
  m_RayTraceProcedural: 0
  m_RenderingLayerMask: 1
  m_RendererPriority: 0
  m_Materials:
  - {fileID: 7993982598810627253, guid: 72cb54d1516dbf041855cebb2a864fab, type: 3}
  - {fileID: -5998004595915773402, guid: 72cb54d1516dbf041855cebb2a864fab, type: 3}
  - {fileID: 3752701478645818215, guid: 72cb54d1516dbf041855cebb2a864fab, type: 3}
  - {fileID: -541708846208547136, guid: 72cb54d1516dbf041855cebb2a864fab, type: 3}
  - {fileID: 1110233775959259594, guid: 72cb54d1516dbf041855cebb2a864fab, type: 3}
  - {fileID: -8583780622465393609, guid: 72cb54d1516dbf041855cebb2a864fab, type: 3}
  m_StaticBatchInfo:
    firstSubMesh: 0
    subMeshCount: 0
  m_StaticBatchRoot: {fileID: 0}
  m_ProbeAnchor: {fileID: 0}
  m_LightProbeVolumeOverride: {fileID: 0}
  m_ScaleInLightmap: 1
  m_ReceiveGI: 1
  m_PreserveUVs: 0
  m_IgnoreNormalsForChartDetection: 0
  m_ImportantGI: 0
  m_StitchLightmapSeams: 1
  m_SelectedEditorRenderState: 3
  m_MinimumChartSize: 4
  m_AutoUVMaxDistance: 0.5
  m_AutoUVMaxAngle: 89
  m_LightmapParameters: {fileID: 0}
  m_SortingLayerID: 0
  m_SortingLayer: 0
  m_SortingOrder: 0
  serializedVersion: 2
  m_Quality: 0
  m_UpdateWhenOffscreen: 0
  m_SkinnedMotionVectors: 1
  m_Mesh: {fileID: -5495902117074765545, guid: 72cb54d1516dbf041855cebb2a864fab, type: 3}
  m_Bones:
  - {fileID: 7194456621810962197}
  - {fileID: 4545049689943487756}
  - {fileID: 7191628929074670024}
  - {fileID: 3233499646925634550}
  - {fileID: 1593719082518334449}
  - {fileID: 2383595574376327067}
  - {fileID: 2937358085862618401}
  - {fileID: 1640844817001628462}
  - {fileID: 2476703403710400201}
  - {fileID: 132078201151089395}
  - {fileID: 8545584034237912629}
  m_BlendShapeWeights: []
  m_RootBone: {fileID: 7194456621810962197}
  m_AABB:
    m_Center: {x: 0.0052068424, y: 0.0073926393, z: -0.0018478269}
    m_Extent: {x: 0.012472466, y: 0.019383093, z: 0.011484423}
  m_DirtyAABB: 0
--- !u!1 &8409707729501462084
GameObject:
  m_ObjectHideFlags: 0
  m_CorrespondingSourceObject: {fileID: 0}
  m_PrefabInstance: {fileID: 0}
  m_PrefabAsset: {fileID: 0}
  serializedVersion: 6
  m_Component:
  - component: {fileID: 3422512660776300357}
  m_Layer: 0
  m_Name: Bone.010_end
  m_TagString: Untagged
  m_Icon: {fileID: 0}
  m_NavMeshLayer: 0
  m_StaticEditorFlags: 0
  m_IsActive: 1
--- !u!4 &3422512660776300357
Transform:
  m_ObjectHideFlags: 0
  m_CorrespondingSourceObject: {fileID: 0}
  m_PrefabInstance: {fileID: 0}
  m_PrefabAsset: {fileID: 0}
  m_GameObject: {fileID: 8409707729501462084}
  serializedVersion: 2
  m_LocalRotation: {x: 0, y: -0, z: -0, w: 1}
  m_LocalPosition: {x: -0, y: 0.0057286834, z: 0}
  m_LocalScale: {x: 1, y: 1, z: 1}
  m_ConstrainProportionsScale: 0
  m_Children: []
  m_Father: {fileID: 8545584034237912629}
  m_LocalEulerAnglesHint: {x: 0, y: 0, z: 0}
--- !u!1 &8744012244918874985
GameObject:
  m_ObjectHideFlags: 0
  m_CorrespondingSourceObject: {fileID: 0}
  m_PrefabInstance: {fileID: 0}
  m_PrefabAsset: {fileID: 0}
  serializedVersion: 6
  m_Component:
  - component: {fileID: 2905583272585252588}
  m_Layer: 0
  m_Name: Armature.005
  m_TagString: Untagged
  m_Icon: {fileID: 0}
  m_NavMeshLayer: 0
  m_StaticEditorFlags: 0
  m_IsActive: 1
--- !u!4 &2905583272585252588
Transform:
  m_ObjectHideFlags: 0
  m_CorrespondingSourceObject: {fileID: 0}
  m_PrefabInstance: {fileID: 0}
  m_PrefabAsset: {fileID: 0}
  m_GameObject: {fileID: 8744012244918874985}
  serializedVersion: 2
  m_LocalRotation: {x: -0.00000009415696, y: 0.7071068, z: 0.7071067, w: 0.00000009415697}
  m_LocalPosition: {x: 4.533843e-19, y: 0.15973711, z: 0.4824934}
  m_LocalScale: {x: 62.44735, y: 62.44735, z: 62.44735}
  m_ConstrainProportionsScale: 0
  m_Children:
  - {fileID: 7194456621810962197}
  - {fileID: 132078201151089395}
  m_Father: {fileID: 8428700925225776301}
  m_LocalEulerAnglesHint: {x: 0, y: 0, z: 0}
--- !u!1001 &620248418647640192
PrefabInstance:
  m_ObjectHideFlags: 0
  serializedVersion: 2
  m_Modification:
    serializedVersion: 3
    m_TransformParent: {fileID: 0}
    m_Modifications:
    - target: {fileID: -4728912324975402631, guid: 394f6c9a274d1f6489f94fd70a8e54eb, type: 3}
      propertyPath: speed
      value: 100
      objectReference: {fileID: 0}
    - target: {fileID: -4728912324975402631, guid: 394f6c9a274d1f6489f94fd70a8e54eb, type: 3}
      propertyPath: limitsX.x
      value: -78
      objectReference: {fileID: 0}
    - target: {fileID: -4728912324975402631, guid: 394f6c9a274d1f6489f94fd70a8e54eb, type: 3}
      propertyPath: limitsX.y
      value: 78
      objectReference: {fileID: 0}
    - target: {fileID: -4728912324975402631, guid: 394f6c9a274d1f6489f94fd70a8e54eb, type: 3}
      propertyPath: limitsY.x
      value: -33
      objectReference: {fileID: 0}
    - target: {fileID: -4728912324975402631, guid: 394f6c9a274d1f6489f94fd70a8e54eb, type: 3}
      propertyPath: limitsY.y
      value: 38
      objectReference: {fileID: 0}
    - target: {fileID: -4728912324975402631, guid: 394f6c9a274d1f6489f94fd70a8e54eb, type: 3}
      propertyPath: limitsZ.x
      value: -61
      objectReference: {fileID: 0}
    - target: {fileID: -4728912324975402631, guid: 394f6c9a274d1f6489f94fd70a8e54eb, type: 3}
      propertyPath: limitsZ.y
      value: 20
      objectReference: {fileID: 0}
    - target: {fileID: -4728912324975402631, guid: 394f6c9a274d1f6489f94fd70a8e54eb, type: 3}
      propertyPath: minDistance
      value: 0.3
      objectReference: {fileID: 0}
    - target: {fileID: -3448000363899007757, guid: 394f6c9a274d1f6489f94fd70a8e54eb, type: 3}
      propertyPath: m_Size.y
      value: 3.232138
      objectReference: {fileID: 0}
    - target: {fileID: -3448000363899007757, guid: 394f6c9a274d1f6489f94fd70a8e54eb, type: 3}
      propertyPath: m_Size.z
      value: 9.063422
      objectReference: {fileID: 0}
    - target: {fileID: -3448000363899007757, guid: 394f6c9a274d1f6489f94fd70a8e54eb, type: 3}
      propertyPath: m_Center.y
      value: 0.17887294
      objectReference: {fileID: 0}
    - target: {fileID: -3448000363899007757, guid: 394f6c9a274d1f6489f94fd70a8e54eb, type: 3}
      propertyPath: m_Center.z
      value: -3.727425
      objectReference: {fileID: 0}
    - target: {fileID: 1322111379303152817, guid: 394f6c9a274d1f6489f94fd70a8e54eb, type: 3}
      propertyPath: m_LocalPosition.x
      value: -0.094
      objectReference: {fileID: 0}
    - target: {fileID: 1322111379303152817, guid: 394f6c9a274d1f6489f94fd70a8e54eb, type: 3}
      propertyPath: m_LocalPosition.y
      value: 0.48
      objectReference: {fileID: 0}
    - target: {fileID: 1322111379303152817, guid: 394f6c9a274d1f6489f94fd70a8e54eb, type: 3}
      propertyPath: m_LocalPosition.z
      value: 0.75
      objectReference: {fileID: 0}
    - target: {fileID: 3509100920384799792, guid: 394f6c9a274d1f6489f94fd70a8e54eb, type: 3}
      propertyPath: m_Name
      value: Fish - Platy
      objectReference: {fileID: 0}
    - target: {fileID: 4321489841821326986, guid: 394f6c9a274d1f6489f94fd70a8e54eb, type: 3}
      propertyPath: m_LocalPosition.x
      value: 0
      objectReference: {fileID: 0}
    - target: {fileID: 4321489841821326986, guid: 394f6c9a274d1f6489f94fd70a8e54eb, type: 3}
      propertyPath: m_LocalPosition.y
      value: 0
      objectReference: {fileID: 0}
    - target: {fileID: 4321489841821326986, guid: 394f6c9a274d1f6489f94fd70a8e54eb, type: 3}
      propertyPath: m_LocalPosition.z
      value: 0
      objectReference: {fileID: 0}
    - target: {fileID: 4321489841821326986, guid: 394f6c9a274d1f6489f94fd70a8e54eb, type: 3}
      propertyPath: m_LocalRotation.w
      value: 1
      objectReference: {fileID: 0}
    - target: {fileID: 4321489841821326986, guid: 394f6c9a274d1f6489f94fd70a8e54eb, type: 3}
      propertyPath: m_LocalRotation.x
      value: 0
      objectReference: {fileID: 0}
    - target: {fileID: 4321489841821326986, guid: 394f6c9a274d1f6489f94fd70a8e54eb, type: 3}
      propertyPath: m_LocalRotation.y
      value: 0
      objectReference: {fileID: 0}
    - target: {fileID: 4321489841821326986, guid: 394f6c9a274d1f6489f94fd70a8e54eb, type: 3}
      propertyPath: m_LocalRotation.z
      value: 0
      objectReference: {fileID: 0}
    - target: {fileID: 4321489841821326986, guid: 394f6c9a274d1f6489f94fd70a8e54eb, type: 3}
      propertyPath: m_LocalEulerAnglesHint.x
      value: 0
      objectReference: {fileID: 0}
    - target: {fileID: 4321489841821326986, guid: 394f6c9a274d1f6489f94fd70a8e54eb, type: 3}
      propertyPath: m_LocalEulerAnglesHint.y
      value: 0
      objectReference: {fileID: 0}
    - target: {fileID: 4321489841821326986, guid: 394f6c9a274d1f6489f94fd70a8e54eb, type: 3}
      propertyPath: m_LocalEulerAnglesHint.z
      value: 0
      objectReference: {fileID: 0}
    - target: {fileID: 8126452067192218611, guid: 394f6c9a274d1f6489f94fd70a8e54eb, type: 3}
      propertyPath: m_IsActive
      value: 0
      objectReference: {fileID: 0}
    m_RemovedComponents: []
    m_RemovedGameObjects: []
    m_AddedGameObjects:
    - targetCorrespondingSourceObject: {fileID: 4321489841821326986, guid: 394f6c9a274d1f6489f94fd70a8e54eb, type: 3}
      insertIndex: -1
      addedObject: {fileID: 8428700925225776301}
    m_AddedComponents: []
  m_SourcePrefab: {fileID: 100100000, guid: 394f6c9a274d1f6489f94fd70a8e54eb, type: 3}
--- !u!4 &3702685378353141258 stripped
Transform:
  m_CorrespondingSourceObject: {fileID: 4321489841821326986, guid: 394f6c9a274d1f6489f94fd70a8e54eb, type: 3}
  m_PrefabInstance: {fileID: 620248418647640192}
  m_PrefabAsset: {fileID: 0}
